 Dungeon Crawl Stone Soup version 0.26.1-2-gb8aa6d0 (webtiles) character file.

Game seed: 12775678803284507409

47754 AmazingTV the Peltast (level 14, -16/130 HPs)
             Began as a Minotaur Berserker on June 4, 2021.
             Was an Elder of Trog.
             Killed from afar by an Ice Fiend (25 damage)
             ... with a bolt of cold
             ... in an ice cave.
             The game lasted 03:38:09 (16153 turns).

AmazingTV the Peltast (Minotaur Berserker)         Turns: 16153, Time: 03:38:09

Health: -16/130    AC: 23    Str: 31    XL:     14   Next: 9%
Magic:  13/13      EV: 12    Int:  8    God:    Trog [****..]
Gold:   517        SH: 21    Dex: 14    Spells: 13/13 levels left

rFire    . . .     SeeInvis .   a - +2 demon trident (venom)
rCold    + . .     Faith    .   C - +1 kite shield
rNeg     . . .     Spirit   .   O - +0 plate armour
rPois    .         Reflect  +   u - +2 hat {Int+3}
rElec    .         Harm     .   (no cloak)
rCorr    .         Rampage  .   l - +0 pair of fencer's gloves {Riposte Dex+3}
Will     +++..                  V - +0 pair of boots
Stlth    ..........             T - amulet of reflection
HPRegen  1.31/turn              A - +6 ring of strength
MPRegen  0.13/turn              z - ring of protection from cold

@: about to teleport, very slightly contaminated, regenerating, studying 2
skills, invisible
A: retaliatory headbutt, horns 2, yellow scales 1
a: Renounce Religion, Berserk, Trog's Hand, Brothers in Arms


You were in an ice cave.
You worshipped Trog.
Trog was greatly pleased with you.
You visited 3 branches of the dungeon, and saw 19 of its levels.
You also visited: Bailey and Ice Cave.

You collected 1157 gold pieces.
You spent 640 gold pieces at shops.

Inventory:

Hand Weapons
 a - a +2 demon trident of venom (weapon)
 b - a +1 hunting sling of flaming
 c - a +2 dire flail of holy wrath
 h - a +0 executioner's axe of freezing
 x - a +1 vorpal dire flail
 J - a +5 dagger of speed
 M - a +0 great mace
 N - a +1 hand axe of draining
 Q - a +3 great sword
 U - a +3 dire flail
Missiles
 d - 207 sling bullets
 f - 43 poisoned darts
 D - 6 datura-tipped darts
 I - 11 boomerangs (quivered)
 X - 13 javelins
Armour
 l - the +0 pair of fencer's gloves (worn) {Riposte Dex+3}
   (You bought it in a shop on level 2 of the Shoals)

   It affects your dexterity (+3).
 p - a +0 ring mail of poison resistance
 u - a +2 hat of intelligence (worn)
 C - a +1 kite shield (worn)
 O - a +0 plate armour (worn)
 V - a +0 pair of boots (worn)
Jewellery
 z - a ring of protection from cold (right hand)
 A - a +6 ring of strength (left hand)
 F - an uncursed ring of stealth
 K - an uncursed ring of see invisible
 T - an amulet of reflection (around neck)
Wands
 t - a wand of disintegration (33)
 P - a wand of paralysis (16)
 S - a wand of iceblast (23)
Scrolls
 e - 13 scrolls of remove curse
 g - 2 scrolls of fear
 j - 7 scrolls of identify
 q - 5 scrolls of teleportation
 w - a scroll of immolation {unknown}
 y - 3 scrolls of enchant weapon
 B - a scroll of amnesia {unknown}
 G - 5 scrolls of blinking
 L - 2 scrolls of torment {unknown}
 W - a scroll of magic mapping
Potions
 i - 5 potions of curing
 k - 4 potions of flight
 n - a potion of magic {unknown}
 r - 7 potions of mutation
 v - 2 potions of haste
 E - 3 potions of cancellation
 R - 2 potions of berserk rage
Books
 o - a manual of Fighting
 Z - a manual of Shields


   Skills:
 * Level 13.9 Fighting
 - Level 6.6(11.7) Axes
 * Level 12.3(12.9) Maces & Flails
 * Level 9.1(10.0) Polearms
 + Level 4.4(6.5) Slings
 + Level 6.8(7.3) Throwing
 * Level 13.0 Armour
 * Level 6.6 Dodging
 + Level 2.3 Stealth
 + Level 16.2 Shields
 + Level 0.1 Evocations


You had 13 spell levels left.
You didn't know any spells.
Your spell library contained the following spells:

 Spells                   Type           Power        Failure   Level
 Beastly Appendage        Tmut           0%           94%         1
 Corona                   Hex            0%           94%         1
 Ensorcelled Hibernation  Hex/Ice        0%           98%         2
 Wereblood                Tmut           0%           98%         2
 Confusing Touch          Hex            0%           100%        3
 Dazzling Flash           Conj/Hex       0%           100%        3
 Spider Form              Tmut/Pois      0%           100%        3
 Tukima's Dance           Hex            0%           100%        3
 Ice Form                 Ice/Tmut       0%           100%        4
 Blade Hands              Tmut           0%           100%        5


Dungeon Overview and Level Annotations

Branches:
Dungeon (12/15)            Temple (0/1) D:4            Lair (4/6) D:10
 Shoals (3/4) Lair:4       Bailey (visited)           IceCv (1/1)
  Snake: Lair:2-4    Spider: Lair:2-4       Orc: D:9-12

Altars:
Elyvilon
Gozag
Nemelex Xobeh
Qazlal
Sif Muna
Uskayaw
Vehumet
Wu Jian
Xom
The Shining One
Jiyva

Shops:
Shoals:1 [   Shoals:2 [

Annotations:
Lair:1 1 runed translucent door, Zock's ghost, journeyman GnFi IceCv exclusion: 2 ice statues


Innate Abilities, Weirdness & Mutations

You reflexively headbutt those who attack you in melee.
You have a pair of horns on your head.
You are partially covered in yellow scales. (AC +2)


Message History

Your skin crawls.
You feel strong-willed. You block the ice devil's attack.
Okay, then.
Okay, then.
Blink to where?
Press: ? - help, Dir - move target, p - ice devil
As you read the scroll of blinking, it crumbles to dust.
You fade into invisibility!
The Ice Fiend gestures at you. The bolt of cold hits you!! You resist.
* * * LOW HITPOINT WARNING * * *
You are very lightly contaminated with residual magic.
An ice devil comes into view.
Okay, then.
As you read the scroll of teleportation, it crumbles to dust.
You feel strangely unstable. The Ice Fiend gestures at you.
The bolt of cold hits you!! You resist.
You die...

.(§.....#.........##..)##...##
..§.(........###########§..##
.Y........#### ###§..##
...(....### ######§§☼###
....#8### #.§§§§§§## #..####
...§.§§§§### #..# ##.
##§○§§§§○§§### ..##
.....##°.####§§§§.§## .##
#4..@§...#☼§§☼§§☼## ..##
###......##.......## ...##
##§§°...##.☼§§...# #...#
§§§#1.4...§..§.## #...#
##§§#§1###§....## ...##
§§§#§§§4§#..### ...##
☼§§#.§.§§#### ....##
#.§.§§§### .∩...# §§§§##


You could see 2 Ice Fiends and 3 ice devils.

Vanquished Creatures
  Gastronok (Lair:3)
  An azure jelly (Shoals:3)
  Aizul (Shoals:1)
  The ghost of Oluanan the Fighter, a journeyman DsFi of Hepliaklqana (Lair:3)
  2 merfolk impalers (Shoals:1)
  A death ooze (Lair:3)
  A boulder beetle (D:9)
  A hydra (D:9)
  Harold (D:9)
  A two-headed ogre (D:9)
  6 sea snakes
  12 harpies
  8 manticores
  11 fauns
  A cyclops (Shoals:1)
  5 merfolk sirens (Shoals:2)
  A black mamba (Lair:1)
  2 water nymphs (Shoals:1)
  4 cane toads
  A centaur skeleton (D:12)
  4 komodo dragons (Lair:2)
  9 ice devils (IceCv)
  2 freezing wraiths (Shoals:3)
  A tengu conjurer (D:9)
  3 polar bears
  8 merfolk
  2 snapping turtles
  3 slime creatures (Lair:3)
  A wind drake (Shoals:1)
  4 dream sheep
  14 yaks
  3 basilisks
  3 water elementals
  Edmund (D:4)
  3 wargs (D:10)
  4 water moccasins
  Duvessa (D:4)
  12 orc warriors
  3 ice beasts
  An eye of draining (D:9)
  A sky beast (D:5)
  3 ogres
  10 centaurs
  9 bullfrogs
  Dowan (D:4)
  2 scorpions
  An electric eel (D:9)
  8 wights
  2 howler monkeys (D:9)
  A quasit (D:11)
  8 jellies
  5 orc priests
  4 hounds
  8 orc wizards
  Jessica (D:2)
  An iguana (D:12)
  4 worker ants
  A hound skeleton (D:9)
  A hound zombie (D:10)
  8 gnolls
  10 adders
  6 white imps
  8 ufetubi (IceCv)
  An ooze (D:4)
  2 adder skeletons
  3 worms
  2 dart slugs (D:1)
  2 leopard geckos
  37 orcs
  3 ball pythons
  6 bats
  8 giant cockroaches
  9 goblins
  2 hobgoblins (D:1)
  8 jackals
  4 quokkas
  2 frilled lizards (D:4)
  6 kobolds
  2 rats
344 creatures vanquished.

Vanquished Creatures (collateral kills)
  A merfolk aquamancer (Shoals:2)
  3 harpies (Shoals:1)
  4 fauns
  A dream sheep (Shoals:1)
  A water elemental (Shoals:2)
10 creatures vanquished.

Vanquished Creatures (others)
  A merfolk siren (Shoals:1)
  4 dream sheep (D:4)
  3 white imps (IceCv)
  An ufetubus (IceCv)
  6 fungi
  42 plants
57 creatures vanquished.

Grand Total: 411 creatures vanquished

Notes
Turn   | Place    | Note
-------+----------+-------------------------------------------
     0 | D:1      | AmazingTV the Minotaur Berserker began the quest for the
                  | Orb.
     0 | D:1      | Reached XP level 1. HP: 19/19 MP: 0/0
   332 | D:1      | Reached XP level 2. HP: 27/27 MP: 1/1
  1190 | D:1      | Reached XP level 3. HP: 34/34 MP: 2/2
  1350 | D:2      | Reached skill level 1 in Throwing
  1517 | D:2      | Reached ** piety under Trog
  1565 | D:2      | Reached XP level 4. HP: 41/41 MP: 3/3
  1837 | D:2      | Noticed Jessica
  1844 | D:2      | Killed Jessica
  2077 | D:3      | Reached XP level 5. HP: 37/47 MP: 4/4
  2509 | D:3      | Reached skill level 5 in Fighting
  2951 | D:4      | Reached skill level 1 in Slings
  3018 | D:4      | Noticed Edmund
  3026 | D:4      | Killed Edmund
  3027 | D:4      | Reached skill level 1 in Stealth
  3027 | D:4      | Reached XP level 6. HP: 46/56 MP: 5/5
  3170 | D:4      | Noticed a dream sheep
  3170 | D:4      | Noticed a dream sheep
  3170 | D:4      | Noticed a dream sheep
  3170 | D:4      | Noticed a dream sheep
  3170 | D:4      | Noticed a dream sheep
  3170 | D:4      | Found a shimmering altar of Xom.
  3173 | D:4      | Killed a dream sheep
  3173 | D:4      | Killed a dream sheep
  3173 | D:4      | Killed a dream sheep
  3173 | D:4      | Killed a dream sheep
  3174 | D:4      | Reached skill level 1 in Shields
  3178 | D:4      | Killed a dream sheep
  3441 | D:4      | Noticed Dowan
  3441 | D:4      | Noticed Duvessa
  3458 | D:4      | Killed Duvessa
  3459 | D:4      | Reached XP level 7. HP: 54/61 MP: 6/6
  3471 | D:4      | Killed Dowan
  3596 | D:4      | Found a staircase to the Ecumenical Temple.
  3762 | D:4      | Reached skill level 2 in Shields
  3864 | D:5      | Entered Level 5 of the Dungeon
  3900 | D:5      | Reached skill level 5 in Maces & Flails
  4061 | D:5      | Found a radiant altar of Vehumet.
  4062 | D:5      | Found a glowing golden altar of the Shining One.
  4064 | D:5      | Found an opulent altar of Gozag.
  4064 | D:5      | Found an ornate altar of the Wu Jian Council.
  4065 | D:5      | Found a white marble altar of Elyvilon.
  4066 | D:5      | Found a stormy altar of Qazlal.
  4068 | D:5      | Found a sparkling altar of Nemelex Xobeh.
  4281 | D:5      | Found a shimmering blue altar of Sif Muna.
  4382 | D:5      | Reached XP level 8. HP: 71/71 MP: 7/7
  4386 | D:5      | Reached skill level 3 in Shields
  4387 | D:5      | Reached skill level 5 in Armour
  5363 | D:6      | Found a shimmering altar of Xom.
  5602 | D:7      | Reached *** piety under Trog
  5887 | D:7      | Found a hide-covered altar of Uskayaw.
  6058 | D:7      | Reached skill level 4 in Shields
  6895 | D:9      | Found a flagged portal.
  6898 | D:9      | Noticed Harold
  6916 | D:9      | Noticed a seven-headed hydra
  6918 | D:9      | Killed Harold
  6919 | D:9      | Reached XP level 9. HP: 74/80 MP: 8/8
  6923 | D:9      | Killed a seven-headed hydra
  6924 | D:9      | Reached skill level 5 in Throwing
  6924 | D:9      | Reached skill level 5 in Shields
  6951 | Bailey   | Entered a bailey
  7187 | Bailey   | HP: 4/81 [orc warrior/+0 glaive (20)]
  7510 | Bailey   | HP: 6/123 [orc warrior/+0 halberd (14)]
  7911 | Bailey   | Reached XP level 10. HP: 74/90 MP: 9/9
  8086 | Bailey   | Reached skill level 6 in Shields
  8534 | Bailey   | Gained mutation: Your spells are a little harder to cast,
                  | but a little more powerful. [potion of mutation]
  8534 | Bailey   | Gained mutation: You expend magic power (3 MP) to
                  | strengthen your wands. [potion of mutation]
  8536 | Bailey   | Lost mutation: You expend magic power (3 MP) to strengthen
                  | your wands. [potion of mutation]
  8536 | Bailey   | Lost mutation: Your spells are a little harder to cast, but
                  | a little more powerful. [potion of mutation]
  8536 | Bailey   | Gained mutation: Scrolls take you a little longer to read.
                  | [potion of mutation]
  8536 | Bailey   | Gained mutation: You are partially covered in yellow
                  | scales. (AC +2) [potion of mutation]
  8536 | Bailey   | Gained mutation: You evolve. [potion of mutation]
  8919 | D:9      | Noticed a boulder beetle
  8995 | D:9      | Killed a boulder beetle
  8996 | D:9      | Reached skill level 1 in Axes
  8996 | D:9      | Reached skill level 1 in Polearms
  8996 | D:9      | Reached skill level 7 in Shields
  8998 | D:9      | Reached skill level 10 in Armour
  9259 | D:9      | Reached skill level 10 in Fighting
  9283 | D:9      | Noticed a two-headed ogre
  9294 | D:9      | Killed a two-headed ogre
  9295 | D:9      | Reached skill level 8 in Shields
  9527 | D:9      | You fall into a shaft and drop 3 floors!
  9536 | D:12     | Reached XP level 11. HP: 94/100 MP: 10/10
  9738 | D:10     | Entered Level 10 of the Dungeon
  9834 | D:10     | Reached **** piety under Trog
  9836 | D:10     | Found a staircase to the Lair.
 10060 | Lair:1   | Entered Level 1 of the Lair of Beasts
 10097 | Lair:1   | Reached skill level 9 in Shields
 10208 | Lair:1   | Lost mutation: Scrolls take you a little longer to read.
                  | [evolution]
 10431 | Lair:1   | Found a gate leading to a gauntlet.
 10860 | Lair:1   | Found a runed translucent door.
 10863 | Lair:1   | Noticed Zock's ghost (journeyman GnFi)
 10919 | Lair:1   | Identified the cursed +0 spear of Precise Incision {venom,
                  | rF- Str+2 Int+8 Dex+2}
 10920 | Lair:1   | Noticed a spriggan rider
 11451 | Lair:2   | Reached skill level 10 in Maces & Flails
 11451 | Lair:2   | Reached skill level 10 in Shields
 11745 | Lair:3   | Noticed Gastronok
 11824 | Lair:3   | Killed Gastronok
 11825 | Lair:3   | Reached skill level 11 in Shields
 11950 | Lair:3   | Found a runed translucent gate.
 11950 | Lair:3   | Found a runed translucent gate.
 11950 | Lair:3   | Found a runed translucent gate.
 11950 | Lair:3   | Noticed a death ooze
 11952 | Lair:3   | Noticed Oluanan's ghost (journeyman DsFi)
 12004 | Lair:3   | Found a viscous altar of Jiyva.
 12282 | Lair:3   | Killed a death ooze
 12283 | Lair:3   | Reached XP level 12. HP: 112/112 MP: 11/11
 12297 | Lair:3   | Killed Oluanan's ghost
 12456 | Lair:3   | Reached skill level 12 in Shields
 12945 | Lair:3   | Reached skill level 5 in Axes
 13080 | Lair:4   | Found a staircase to the Shoals.
 13092 | Shoals:1 | Entered Level 1 of the Shoals
 13117 | Shoals:1 | Noticed a merfolk impaler
 13132 | Shoals:1 | Killed a merfolk impaler
 13462 | Shoals:1 | Found Emapadub's Armour Emporium.
 13480 | Shoals:1 | Reached skill level 13 in Shields
 13501 | Shoals:1 | Lost mutation: You evolve. [evolution]
 13514 | Shoals:1 | Reached skill level 5 in Polearms
 13567 | Shoals:1 | Noticed Aizul
 13774 | Shoals:1 | Reached skill level 14 in Shields
 14039 | Shoals:1 | Noticed a merfolk impaler
 14070 | Shoals:1 | Killed a merfolk impaler
 14146 | Shoals:1 | Reached skill level 5 in Dodging
 14173 | Shoals:1 | Reached XP level 13. HP: 102/119 MP: 12/12
 14397 | Shoals:2 | Reached skill level 15 in Shields
 14565 | Shoals:2 | Found Fiupohaggo's Armour Boutique.
 14589 | Shoals:2 | Bought the +0 pair of fencer's gloves {Riposte Dex+3} for
                  | 640 gold pieces
 14589 | Shoals:2 | Found the +0 pair of fencer's gloves {Riposte Dex+3}
 15188 | Shoals:2 | Reached ***** piety under Trog
 15278 | Shoals:1 | Killed Aizul
 15490 | Shoals:1 | Reached skill level 16 in Shields
 15827 | Shoals:3 | Found a frozen archway.
 15827 | Shoals:3 | Noticed an azure jelly
 15844 | Shoals:3 | Killed an azure jelly
 15845 | Shoals:3 | Reached XP level 14. HP: 130/130 MP: 13/13
 15855 | IceCv    | Entered an ice cave
 16135 | IceCv    | Noticed an Ice Fiend
 16135 | IceCv    | Noticed an Ice Fiend
 16151 | IceCv    | HP: 6/130 [Ice Fiend/bolt of cold (23)]
 16153 | IceCv    | Killed from afar by an Ice Fiend

Illustrated notes

Levels and vault maps discovered:
D:1:      lightli_arrival_statue_moat, layout_basic
D:2:      layout_rooms, kennysheep_jessica_study
D:3:      layout_loops_corners, marbit_many_paths
D:4:      layout_basic, kennysheep_mini, minmay_temple_entry_mist, hex_large,
          kb_xom_exploding_sheep, uniq_duvessa, uniq_edmund
D:5:      layout_loops_ring, minitemple, serial_bayou_pond_c, led_sif_book
D:6:      layout_gridville, kennysheep_little_box
D:7:      layout_layer_cave, eat_drink_and_be_merry_uskayaw
D:8:      layout_loops_cross, evilmike_ruin_ashenzari, amcnicky_mini_pool_small
D:9:      minmay_chambers_of_sevens, layout_cave_pools, enter_bailey_1,
          hangedman_abyss_or_decor_stagger, minivault_4, serial_bayou_pond_b,
          chequers_big_river, chequers_serial_rivers_room_b, uniq_harold
D:10:     layout_small_grid, erik_lair_orcish_takeover,
          fedhas_altar_decomposition
D:11:     layout_roguey, zombieorc1_lemuel
D:12:     kennysheep_blocky_hall, layout_small_grid
Lair:1:   layout_long_grid, ebering_ghost_funeral_grove, gauntlet_entry_generic
Lair:2:   layout_roguey
Lair:3:   layout_loops_ring, gammafunk_ghost_ooze, minivault_25, uniq_gastronok
Lair:4:   layout_long_grid, shoals_dummy_entry,
          nicolae_spider_entry_non_spiders, nicolae_quartered_pool_super,
          kennysheep_rathole, serial_bayou_shore_b
Shoals:1: layout_shoals, serial_shops, nicolae_shop_crystal, uniq_aizul
Shoals:2: layout_shoals, serial_shops, shop
Shoals:3: layout_shoals, portal_ice_cave_entry_frozen_things
IceCv:    ice_cave_small_demon

Skill      XL: |  1  2  3  4  5  6  7  8  9 10 11 12 13 14 |
---------------+-------------------------------------------+-----
Fighting       | 4 5 6 7 8 10 11 12 13 | 13.9
Maces & Flails | 4 5 6 7 8 10 11 12 | 12.3
Throwing       | 2 3 4 5 6 |  6.8
Armour         | 3 4 7 9 10 11 12 13 | 13.0
Slings         | 2 4 |  4.4
Stealth        | 1 2 |  2.3
Shields        | 1 2 4 5 8 11 14 16 | 16.2
Dodging        | 3 5 6 |  6.6
Axes           | 2 4 6 |  6.6
Polearms       | 2 4 5 8 9 |  9.1
Evocations     | |  0.1

Action                   |  1- 3 |  4- 6 |  7- 9 | 10-12 | 13-15 || total
-------------------------+-------+-------+-------+-------+-------++-------
Melee: Mace              |    63 |    60 |   186 |   474 |    39 ||   822
       Headbutt          |     8 |    12 |    39 |   131 |    88 ||   278
       Dire flail        |       |       |     3 |       |       ||     3
       Demon trident     |       |       |       |       |   230 ||   230
       Hand axe          |       |       |       |       |    19 ||    19
 Fire: Hunting sling     |       |    29 |   146 |   161 |    32 ||   368
Throw: Dart              |    60 |    35 |    69 |   179 |    39 ||   382
       Javelin           |       |       |       |    31 |       ||    31
       Throwing net      |       |       |       |     1 |       ||     1
       Boomerang         |       |       |       |       |    22 ||    22
Invok: Trog's Hand       |       |     3 |     8 |    18 |     7 ||    36
       Berserk           |       |     1 |     4 |     7 |     4 ||    16
       Brothers in Arms  |       |       |       |     2 |     3 ||     5
Evoke: Wand              |       |       |       |     4 |       ||     4
  Use: Scroll            |       |       |     7 |    11 |     8 ||    26
       Potion            |       |       |       |    11 |     5 ||    16
 Stab: Sleeping          |     1 |       |       |       |       ||     1
       Fleeing           |       |     1 |       |       |       ||     1
       Paralysed         |       |       |       |     1 |       ||     1
       Invisible         |       |       |       |       |     3 ||     3
Armor: Animal skin       |    19 |       |       |       |       ||    19
       Ring mail         |       |     5 |       |    28 |     5 ||    38
       Chain mail        |       |    15 |    25 |       |       ||    40
       Plate armour      |       |       |    74 |   227 |    93 ||   394
Dodge: Dodged            |    53 |    37 |    60 |   148 |    74 ||   372
Block: Kite shield       |       |       |    48 |   379 |   312 ||   739
       Reflection        |       |       |       |    11 |    34 ||    45
       Rpst.: Demon trident |       |       |       |       |     6 ||     6
       Mace              |       |       |       |       |     1 ||     1
